Construct Section Command Post
Selects Heavy Armor Battlegroup
Construct Platoon Command Post
6-pounder Anti-tank Gun Team
Selects Light Vehicle Withdraw and Refit
Construct Company Command Post
Selects Designate Targets
Selects Rigorous Vehicle Training
Unlock Towed 17-pounder Anti-tank Guns
17-pounder Anti-tank Gun Team
Selects Forward Repair Assembly
Unlock M3 Grant Medium Tanks
Selects Churchill Black Prince Heavy Tank
Churchill Black Prince Heavy Tank
Unlock Bishop Self-propelled Artillery